 Dungeon Crawl Stone Soup version 0.18.1-5-g4a78601 (webtiles) character file.

387 MrTails the Covered (level 6, -21/55 HPs)
             Began as a Gargoyle Berserker on May 11, 2016.
             Was a Priest of Trog.
             Killed from afar by dvd's ghost (24 damage)
             ... with a stone arrow
             ... on level 4 of the Dungeon.
             The game lasted 00:05:58 (2590 turns).

MrTails the Covered (Gargoyle Berserker)            Turns: 2590, Time: 00:05:59

Health: -21/55     AC: 14    Str: 28    XL:     6   Next: 78%
Magic:  6/6        EV:  9    Int:  7    God:    Trog [***...]
Gold:   169        SH:  0    Dex:  9    Spells: 0 memorised, 5 levels left

rFire  . . .     SeeInvis .     o - +1 war axe (freeze)
rCold  . . .     Gourm    .     n - +0 chain mail
rNeg   + . .     Faith    .     (no shield)
rPois  ∞         Spirit   .     (no helmet)
rElec  +         Dismiss  .     (no cloak)
rCorr  .         Reflect  .     (no gloves)
SustAt .         Harm     .     (no boots)
MR     .....                    (no amulet)
Stlth  ..........               (no ring)
                                (no ring)

@: berserking, very quick, not resistant to hostile enchantments, extremely
unstealthy
A: negative energy resistance 1, electricity resistance, unbreathing,
petrification resistance, rot immunity, AC +4
a: Berserk, Trog's Hand, Burn Spellbooks, Renounce Religion


You were on level 4 of the Dungeon.
You worshipped Trog.
Trog was most pleased with you.
You were not hungry.

You visited 1 branch of the dungeon, and saw 4 of its levels.

You collected 169 gold pieces.

Inventory:

Hand Weapons
 a - a +0 hand axe
 o - a +1 war axe of freezing (weapon)
Armour
 b - a +0 animal skin
 n - a +0 chain mail (worn)
Scrolls
 j - 2 scrolls of remove curse {unknown}
 k - a scroll of blinking {unknown}
 m - 2 scrolls of teleportation {unknown}
 q - 2 scrolls of identify {unknown}
Potions
 d - a potion of flight {unknown}
 e - a potion of cancellation {unknown}
 f - a potion of ambrosia {unknown}
 h - a potion of degeneration {unknown}
 i - 2 potions of resistance {unknown}
 l - 2 potions of mutation {unknown}
Comestibles
 c - a bread ration
 g - 2 meat rations
 p - 2 chunks of flesh


   Skills:
 - Level 3.5 Fighting
 + Level 4.9 Axes
 + Level 5.6 Armour
 - Level 1.5 Dodging


You had 5 spell levels left.
You didn't know any spells.

Dungeon Overview and Level Annotations

Branches:
Dungeon (4/15)
 Temple: D:4-7

Altars:
Cheibriados
Yredelemnul

Annotations:
D:4 dvd's ghost, novice DDEE


Innate Abilities, Weirdness & Mutations

You are resistant to torment.
Your stone body is resilient (AC +4).
You are immune to poison.
You resist negative energy.
You are resistant to electric shocks.
You can survive without breathing.
You are immune to petrification.
You are immune to rotting.


Message History

Dvd's ghost hits you but does no damage.
You closely miss dvd's ghost.
Dvd's ghost is moderately damaged.
Dvd's ghost points at you and mumbles some strange words.
The stone arrow hits you!
* * * LOW HITPOINT WARNING * * *
You barely miss dvd's ghost.
Dvd's ghost is moderately damaged.
Dvd's ghost hits you but does no damage.
You hit dvd's ghost.
Dvd's ghost is moderately damaged.
You slice dvd's ghost!!
Dvd's ghost is severely damaged.
Dvd's ghost hits you!
* * * LOW HITPOINT WARNING * * *
x2 You slash dvd's ghost!
Dvd's ghost is almost destroyed.
Dvd's ghost casts a spell at you. The stone arrow hits you!
You die...

##.....#..###.###.#
#.#...#..........#
#.#...#.#####.####
#.......# #.#
###...### #.# #.†.#
#.# #...# #..
#######...# ##.
.......@..# .
#######W..# .#
#..%# ....# .....
###.... ".### ..#


You could see dvd's ghost.

Vanquished Creatures
  Menkaure (D:4)
  Jessica (D:3)
  Natasha (twice) (D:3)
  3 gnolls (D:2)
  6 adders
  An ooze (D:3)
  3 worms
  4 dart slugs
  A giant gecko (D:1)
  3 orcs (D:4)
  4 ball pythons
  10 bats
  4 giant cockroaches
  8 goblins
  8 hobgoblins
  5 jackals (D:2)
  2 giant newts
  7 kobolds
  5 rats
  A spectral orc (D:3)
79 creatures vanquished.

Notes
Turn   | Place    | Note
--------------------------------------------------------------
     0 | D:1      | MrTails the Gargoyle Berserker began the quest for the Orb.
     0 | D:1      | Reached XP level 1. HP: 14/14 MP: 1/1
   174 | D:1      | Reached XP level 2. HP: 12/19 MP: 2/2
   266 | D:1      | Reached XP level 3. HP: 12/23 MP: 3/3
   595 | D:1      | Reached ** piety under Trog
   595 | D:1      | Reached skill level 3 in Armour
   769 | D:2      | Reached XP level 4. HP: 15/28 MP: 4/4
  1258 | D:2      | Reached skill level 4 in Armour
  1262 | D:2      | Reached XP level 5. HP: 18/32 MP: 5/5
  1966 | D:3      | Noticed Natasha
  1972 | D:3      | Killed Natasha
  2042 | D:3      | Noticed Natasha
  2050 | D:3      | Killed Natasha
  2132 | D:3      | Found a snail-covered altar of Cheibriados.
  2138 | D:3      | Noticed Jessica
  2141 | D:3      | Killed Jessica
  2141 | D:3      | Reached skill level 5 in Armour
  2141 | D:3      | Reached XP level 6. HP: 27/37 MP: 6/6
  2314 | D:3      | Found a basalt altar of Yredelemnul.
  2450 | D:4      | Noticed Menkaure
  2460 | D:4      | Killed Menkaure
  2578 | D:4      | Reached *** piety under Trog
  2581 | D:4      | Noticed dvd's ghost (novice DDEE)
  2589 | D:4      | HP: 2/55 [dvd's ghost (3)]
  2590 | D:4      | Killed from afar by dvd's ghost

Skill      XL: |  1  2  3  4  5 |
---------------+----------------+-----
Axes           | 3 4 |  4.9
Armour         | 3 4 5 |  5.6
Fighting       | |  3.5
Dodging        | |  1.5

Action                   |  1- 3 |  4- 6 || total
-------------------------+-------+-------++-------
Melee: Hand axe          |    88 |   105 ||   193
       War axe           |       |    48 ||    48
Invok: Berserk           |     1 |     3 ||     4
       Trog's Hand       |       |     3 ||     3
 Stab: Sleeping          |     1 |       ||     1
  Eat: Chunk             |     1 |     8 ||     9
Armor: Animal skin       |    35 |    36 ||    71
       Chain mail        |       |    25 ||    25
       Scale mail        |       |     2 ||     2
Dodge: Dodged            |    68 |    97 ||   165
